 Dungeon Crawl Stone Soup version 0.30.1-11-g7821555f0a (webtiles) character file.

Game seed: 6221913923164062921

70 fireball365 the Covered (level 4, -4/40 HPs)
             Began as a Hill Orc Fighter on Dec 14, 2023.
             Engulfed by a steam dragon's steam (5 damage)
             ... on level 3 of the Dungeon.
             The game lasted 00:02:34 (1367 turns).

fireball365 the Covered (Hill Orc Fighter)          Turns: 1367, Time: 00:02:34

Health: -4/40      AC:  7    Str: 20    XL:     4   Next: 22%
Magic:  4/4        EV:  9    Int:  8    God:
Gold:   107        SH:  4    Dex: 10    Spells: 3/3 levels left

rFire   . . .        a - +0 war axe
rCold   . . .        c - +0 buckler
rNeg    . . .        b - +0 scale mail
rPois   .            (no helmet)
rElec   .            (no cloak)
rCorr   .            (no gloves)
SInv    .            (no boots)
Will    .....        (no amulet) Stlth
                     m - ring of flight
HPRegen 0.26/turn    (no ring)
MPRegen 0.09/turn

%: no passive effects
@: flying
A: no striking features
a: no special abilities


You were on level 3 of the Dungeon.
You visited 1 branch of the dungeon, and saw 3 of its levels.

You collected 107 gold pieces.

Inventory:

Hand Weapons
 a - a +0 war axe (weapon)
Missiles
 e - 4 javelins (quivered)
 f - 2 curare-tipped darts
 l - 4 poisoned darts
Armour
 b - a +0 scale mail (worn)
 c - a +0 buckler (worn)
Jewellery
 m - a ring of flight (left hand)
 r - a ring of poison resistance
 s - a ring of wizardry
Scrolls
 h - 2 scrolls of blinking
 j - a scroll of noise {unknown}
 n - a scroll of teleportation {unknown}
 o - a scroll of fog {unknown}
 q - a scroll of vulnerability {unknown}
Potions
 d - a potion of might
 g - a potion of berserk rage {unknown}
 i - 3 potions of resistance {unknown}
 k - 3 potions of haste {unknown}
 p - a potion of curing {unknown}
 t - a potion of heal wounds {unknown}


   Skills:
 + Level 4.0 Fighting
 + Level 4.0 Axes
 + Level 4.2 Armour
 + Level 3.6 Shields


You had 3 spell levels left.
You didn't know any spells.
Your spell library contained the following spells:

 Spells                   Type           Power      Damage    Failure   Level
 Apportation              Tloc           0%         N/A       83%         1
 Necrotise                Necr           0%         1d4       83%         1
 Summon Small Mammal      Summ           0%         N/A       83%         1


Dungeon Overview and Level Annotations

Branches:
Dungeon (3/15)

Altars:


Message History

Items here: ( )) [.
You hit the orc.
You kill the orc!
You hit the orc. The orc barely misses you.
You see here a +0 hand axe.
You hit the orc.
The orc is moderately wounded.
The orc hits you but does no damage.
You closely miss the orc.
The orc is moderately wounded.
The orc hits you but does no damage. You block the orc's attack.
You hit the orc but do no damage.
The orc is moderately wounded.
The orc hits you but does no damage.
You hit the orc.
You kill the orc!
Things that are here:
a +0 mace; a +0 hand axe
Items here: ( )) [.
t - a cyan potion HP restored.
There is a stone staircase leading up here.
A steam dragon comes into view.
The steam dragon hisses angrily.
Found 3 gold pieces.
The steam dragon bites you.
The steam dragon claws you but does no damage.
You closely miss the steam dragon. The steam dragon breathes steam at you.
The ball of steam hits you!!
Ouch! That really hurt!
The steam dragon bites you. The steam dragon claws you.
* * * LOW HITPOINT WARNING * * *
You barely miss the steam dragon.
You are engulfed in a cloud of scalding steam.
The steam dragon bites you!
* * * LOW HITPOINT WARNING * * *
The steam dragon claws you but does no damage.
You closely miss the steam dragon.
You are engulfed in a cloud of scalding steam.
You die...

######### #.......#
#.#...#.# #....~..#
#....~..# #
#...~†..## ..$
#..~~.).<########...#
##.~..)....§.§@D....#
##~.#...########...#
#####.## ## #.# #.#
#.. ... #.# .#


You could see a steam dragon.

Vanquished Creatures
  An adder (D:2)
  A worm (D:2)
  5 dart slugs
  4 orcs (D:3)
  2 endoplasms (D:1)
  3 giant cockroaches
  A goblin (D:1)
  4 hobgoblins
  5 ball pythons
  5 bats
  4 frilled lizards
  5 kobolds
  4 rats
44 creatures vanquished.

Notes
Turn   | Place    | Note
-------+----------+-------------------------------------------
     0 | D:1      | fireball365 the Hill Orc Fighter began the quest for the
                  | Orb.
     0 | D:1      | Reached XP level 1. HP: 19/19 MP: 1/1
   222 | D:1      | Reached XP level 2. HP: 26/27 MP: 2/2
   368 | D:1      | Reached XP level 3. HP: 33/33 MP: 3/3
  1106 | D:2      | Reached XP level 4. HP: 40/40 MP: 4/4
  1361 | D:3      | Noticed a steam dragon
  1366 | D:3      | HP: 1/40 [steam dragon (8)]
  1367 | D:3      | Engulfed by a steam dragon's steam

Illustrated notes

Levels and vault maps discovered:
D:1:      onia_arrival_mini_maze, layout_basic, serial_bayou_pond_b
D:2:      layout_basic
D:3:      layout_loops_ring, lemuel_tele_altar, biasface_ghost_orc_armoury,
          serial_rivers, chequers_serial_rivers_micro_a,
          chequers_serial_rivers_micro_a, chequers_serial_rivers_micro_a,
          chequers_serial_rivers_room_b, chequers_serial_rivers_large_a,
          chequers_serial_rivers_micro_c,
          shapermc_ecumenical_altar_starsandcircs

Skill      XL: |  1  2  3  4 |
---------------+-------------+-----
Axes           | 3 4 |  4.0
Armour         | 4 |  4.2
Fighting       | 4 |  4.0
Shields        | |  3.6

Action                     |  1- 3 |  4- 6 || total
---------------------------+-------+-------++-------
  Melee: War axe           |    78 |    14 ||    92
    Use: Scroll            |     1 |       ||     1
 Armour: Scale mail        |    45 |    10 ||    55
  Dodge: Dodged            |    51 |    15 ||    66
  Block: Buckler           |    22 |     7 ||    29
